Map: Wolfe Industries Compound

Players

Marketforces

  • Race: Terran Terran
  • Spawn Location: 7:00

SunClock

  • Race: Protoss Protoss
  • League: Silver
  • Spawn Location: 7:00

Manta - Winner!

  • Race: Zerg Zerg
  • League: Silver
  • Spawn Location: 3:00

Dallinger - Winner!

  • Race: Terran Terran
  • League: Diamond
  • Spawn Location: 12:00

VOD

Have the link to the VOD?

Description

Time

  • Played on: Feb. 19, 2016, 10:07 p.m.
  • Length: 12:25
Show
View Real Time Build Order
Export as new Build Order

Marketforces Terran 

Build Orders: Command Center First (CC), MMM Bio 

Get SALT Encoding   

  12  0:01  SCV  
  13  0:13  SCV  
  14  0:18  Supply Depot  
  14  0:25  SCV  
  15  0:39  SCV  
  16  0:51  SCV  
  17  1:03  SCV  
  18  1:05  Command Center  
  18  1:15  SCV  
  19  1:21  Barracks  
  19  1:26  Refinery  
  19  1:28  SCV  
  20  1:40  Barracks  
  20  1:41  SCV  
  21  1:53  SCV  
  22  1:55  Refinery  
  22  2:06  SCV  
  23  2:12  Barracks Reactor  
  23  2:18  Orbital Command  
  23  2:24  SCV  
  23  2:28  Barracks Tech Lab  
  24  2:38  SCV  
  24  2:43  Supply Depot  
  25  2:47  Factory  
  25  2:48  SCV  
  26  2:52  Marine x2  
  26  2:54  Marauder  
  26  2:57  SCV  
  31  3:03  Refinery  
  31  3:04  SCV  
  31  3:05  Refinery  
  32  3:12  Engineering Bay  
  32  3:13  SCV  
  32  3:16  Marine  
  32  3:19  Marine  
  35  3:24  Marauder  
  37  3:28  SCV  
  37  3:30  SCV  
  39  3:36  Marine  
  39  3:38  Factory Tech Lab  
  40  3:42  Starport  
  40  3:44  SCV  
  41  3:51  Supply Depot  
  41  3:52  Marine  
  41  3:54  SCV  
  43  3:57  SCV  
  43  3:58  Marine  
  45  4:06  SCV  
  46  4:12  Siege Tank  
  46  4:15  Marine  
  50  4:27  Marine  
  50  4:28  Marauder  
  50  4:30  Starport Reactor, SCV  
  54  4:33  Orbital Command  
  54  4:37  Supply Depot  
  54  4:41  Terran Infantry Weapons Level 1  
  54  4:42  Stimpack  
  54  4:52  Armory  
  54  4:58  Sensor Tower  
  54  5:07  SCV x2  
  54  5:12  Sensor Tower, Supply Depot  
  56  5:18  Marine  
  56  5:19  Marauder, Marine  
  59  5:23  SCV  
  59  5:25  SCV  
  61  5:34  Supply Depot, Siege Tank  
  64  5:37  SCV  
  65  5:52  Terran Vehicle And Ship Armor Level 1, Marine  
  65  5:56  Command Center  
  66  6:07  SCV x2  
  66  6:08  Marine  
  66  6:09  Marauder  
  71  6:12  Sensor Tower, Siege Tank  
  71  6:15  Medivac  
  76  6:26  Marine x2  
  76  6:29  SCV x2  
  76  6:30  Medivac  
  82  6:37  Marauder  
  84  6:41  SCV x2  
  84  6:43  Factory  
  84  6:44  Terran Infantry Armor Level 1  
  84  6:46  Combat Shields  
  86  7:01  Supply Depot, Marine x2, Siege Tank  
  91  7:11  Orbital Command  
  91  7:14  Refinery, SCV x2  
  93  7:23  Supply Depot  
  93  7:26  SCV x2  
  93  7:27  Refinery, Marine x2  
  93  7:28  Marauder  
  93  7:29  Factory Tech Lab  
  99  7:30  Medivac  
  101  7:42  Siege Tank  
  101  7:44  Medivac  
  106  7:45  SCV x2  
  106  7:47  SCV  
  109  8:02  Terran Vehicle Weapons Level 1  
  109  8:05  Concussive Shells  
  109  8:06  Marauder, Marine x2  
  109  8:07  SCV x3  
  116  8:17  Barracks  
  114  8:37  Terran Infantry Weapons Level 2  
  101  9:20  Command Center  
  101  9:41  Command Center  
  101  9:45  Missile Turret  
  100  9:46  Missile Turret  
  100  9:47  Missile Turret  
  100  9:48  Missile Turret  
  100  9:57  Missile Turret  
  100  10:02  Missile Turret  
  100  10:05  Missile Turret  
  99  10:07  Missile Turret  
  99  10:09  Missile Turret  
  99  10:12  Missile Turret  
  99  10:14  Missile Turret  
  99  10:41  Missile Turret  
  99  10:47  Missile Turret  
  99  10:52  Orbital Command  
  99  10:54  SCV x2  
  98  11:00  Missile Turret  
  98  11:06  SCV  
  98  11:09  Missile Turret  
  99  11:15  Sensor Tower  
  98  11:23  Missile Turret  
  98  11:27  Missile Turret  
  98  11:35  Missile Turret  
Show
View Real Time Build Order
Export as new Build Order

SunClock Protoss 

Build Orders: 1 Gate Expand 

Get SALT Encoding   

  12  0:01  Probe (Chrono Boost)  
  13  0:12  Probe (Chrono Boost)  
  14  0:19  Pylon  
  14  0:22  Probe (Chrono Boost)  
  15  0:42  Probe (Chrono Boost)  
  16  0:54  Gateway  
  16  0:55  Probe (Chrono Boost)  
  17  0:57  Assimilator  
  17  1:08  Probe (Chrono Boost)  
  18  1:21  Nexus  
  19  1:25  Probe (Chrono Boost)  
  19  1:33  Pylon  
  19  1:36  Probe (Chrono Boost)  
  20  1:45  Cybernetics Core  
  20  1:53  Zealot (Chrono Boost)  
  22  2:00  Assimilator  
  22  2:09  Forge  
  22  2:12  Probe  
  23  2:18  Zealot (Chrono Boost)  
  23  2:22  Warp Gate (Chrono Boost)  
  25  2:37  Gateway  
  25  2:44  Stalker  
  25  2:47  Probe  
  28  3:02  Photon Cannon  
  28  3:11  Probe  
  28  3:12  Probe  
  29  3:18  Pylon  
  30  3:22  Probe, Sentry  
  30  3:24  Sentry  
  35  3:30  Protoss Ground Weapons Level 1  
  35  3:31  Probe  
  36  3:44  Robotics Facility  
  36  3:51  Probe (Chrono Boost), Photon Cannon  
  36  3:52  Probe (Chrono Boost)  
  38  4:03  Mothership Core (Chrono Boost)  
  40  4:11  Stalker  
  40  4:12  Stalker  
  44  4:27  Gateway  
  44  4:30  Gateway  
  44  4:40  Probe x2 (Chrono Boost)  
  44  4:43  Assimilator  
  46  4:47  Assimilator, Sentry  
  46  4:49  Pylon  
  48  5:00  Probe x2 (Chrono Boost)  
  50  5:10  Probe (Chrono Boost)  
  50  5:11  Probe (Chrono Boost)  
  53  5:21  Probe (Chrono Boost)  
  53  5:25  Robotics Bay  
  53  5:27  Pylon  
  53  5:31  Nexus  
  53  5:34  Photon Cannon  
  53  5:35  Pylon, Protoss Ground Armor Level 1  
  53  5:47  Pylon  
  53  5:49  Pylon  
  55  5:50  Probe x2 (Chrono Boost)  
  55  5:53  Observer  
  56  6:04  Robotics Facility, Zealot x4  
  64  6:16  Probe (Chrono Boost)  
  65  6:22  Photon Cannon  
  65  6:26  Probe (Chrono Boost)  
  65  6:28  Gateway  
  66  6:36  Probe (Chrono Boost)  
  66  6:37  Colossus (Chrono Boost)  
  73  6:43  Probe  
  73  6:44  Probe  
  73  6:46  Probe  
  75  6:53  Probe  
  76  6:56  Probe x2  
  76  6:58  Photon Cannon  
  79  7:04  Probe, Photon Cannon  
  79  7:07  Probe  
  80  7:08  Probe  
  80  7:15  Extended Thermal Lance (Chrono Boost)  
  83  7:17  Observer (Chrono Boost)  
  83  7:28  Colossus (Chrono Boost)  
  89  7:31  Probe  
  89  7:32  Probe  
  89  7:33  Probe  
  92  7:38  Assimilator  
  92  7:40  Assimilator  
  92  7:45  Pylon  
  92  7:47  Photon Cannon  
  92  7:59  Twilight Council  
  92  8:02  Protoss Shields Level 1  
  92  8:05  Stalker x3  
  94  8:08  Nexus, Sentry  
  94  8:09  Sentry  
  102  8:25  Immortal (Chrono Boost)  
  110  8:27  Immortal (Chrono Boost)  
  108  8:45  Charge  
  108  9:18  Immortal x2 (Chrono Boost)  
  116  9:36  Pylon  
  116  9:38  Pylon  
  116  9:41  Pylon  
  116  9:44  Pylon  
  116  9:54  Nexus  
  116  9:58  Stalker x5  
  116  9:59  Nexus  
  126  10:03  Pylon  
  126  10:06  Pylon  
  126  10:10  Pylon  
  126  10:14  Templar Archives  
  126  10:21  Pylon  
  126  10:22  Photon Cannon  
  126  10:23  Probe  
  126  10:24  Photon Cannon  
  127  10:28  Photon Cannon  
  127  10:29  Adept x5  
  127  10:33  Probe  
  138  10:40  Photon Cannon  
  128  10:44  Probe  
  128  10:45  Pylon  
  128  10:54  Probe  
  129  10:59  Immortal (Chrono Boost)  
  132  11:08  Gateway  
  132  11:12  Gateway  
  132  11:14  Gateway  
  132  11:15  Gateway  
  132  11:18  Stalker  
  133  11:21  Immortal (Chrono Boost)  
  129  11:42  Pylon  
  129  11:43  Pylon  
  129  11:45  Pylon  
  129  11:46  Pylon  
  129  11:48  Pylon  
  129  11:49  Pylon  
  129  11:51  Pylon  
Show
View Real Time Build Order
Export as new Build Order

Manta Zerg - Winner!

Build Orders: Pool First 

Get SALT Encoding   

  12  0:06  Drone  
  13  0:26  Overlord  
  13  0:36  Extractor  
  13  0:37  Spawning Pool  
  13  0:38  Extractor  
  10  0:44  Drone x2  
  12  0:51  Drone  
  13  1:22  Hatchery  
  12  1:26  Zergling x2  
  13  1:41  Queen  
  15  1:51  Drone x2  
  17  2:25  Hatchery  
  17  2:29  Drone  
  17  2:34  Drone  
  17  2:36  Drone  
  19  2:46  Metabolic Boost  
  19  2:50  Drone  
  20  3:02  Queen  
  22  3:06  Drone  
  22  3:10  Drone  
  24  3:36  Drone x2  
  24  3:37  Drone x3  
  24  3:40  Lair  
  29  3:45  Drone  
  29  3:46  Drone  
  31  3:49  Drone  
  32  4:04  Drone x2  
  32  4:06  Overlord  
  32  4:07  Overlord  
  34  4:24  Queen  
  34  4:27  Drone x3  
  34  4:28  Drone x3  
  42  4:33  Overlord  
  42  4:39  Spire  
  41  4:49  Drone x5  
  41  4:50  Drone  
  47  4:57  Evolution Chamber  
  46  5:00  Infestation Pit  
  46  5:02  Drone  
  46  5:03  Drone x3  
  46  5:07  Drone x2  
  51  5:32  Extractor  
  51  5:35  Extractor  
  49  5:38  Extractor  
  49  5:39  Drone x3  
  49  5:40  Drone x8, Extractor  
  49  5:41  Overlord  
  49  5:42  Overlord x3  
  58  5:47  Zerg Ground Armor Level 1  
  58  5:48  Hive  
  58  5:49  Pneumatized Carapace  
  58  6:02  Drone  
  58  6:03  Drone x3  
  62  6:11  Zerg Flyer Armor Level 1  
  62  6:12  Drone x2  
  62  6:13  Drone x4  
  62  6:14  Drone  
  69  6:30  Queen  
  71  6:39  Drone  
  72  6:43  Drone, Spire  
  72  6:45  Hatchery  
  71  6:51  Mutalisk x2  
  71  6:52  Mutalisk x3  
  81  7:14  Overlord x4  
  81  7:15  Overlord x2  
  81  7:20  Queen  
  83  7:26  Drone  
  83  7:27  Ultralisk Cavern  
  83  7:32  Drone  
  83  7:34  Hatchery  
  83  7:35  Mutalisk  
  83  7:36  Mutalisk x4  
  93  7:39  Zergling x22  
  104  7:50  Drone  
  105  7:51  Queen  
  105  7:52  Hatchery  
  105  7:58  Drone x4  
  108  7:59  Drone x3  
  108  8:04  Mutalisk  
  108  8:05  Mutalisk x2  
  119  8:09  Zerg Flyer Armor Level 2  
  119  8:13  Zerg Flyer Weapons Level 1  
  119  8:23  Extractor  
  119  8:24  Drone x3  
  119  8:26  Drone x3, Extractor  
  123  8:28  Drone x5  
  123  8:29  Drone x3  
  123  8:30  Overlord  
  131  9:10  Mutalisk  
  131  9:11  Mutalisk x9  
  131  9:13  Zergling x2  
  131  9:14  Zergling x24  
  131  9:15  Overlord x3  
  164  9:21  Zerg Melee Weapons Level 1  
  164  9:22  Chitinous Plating  
  164  10:09  Overlord  
  164  10:11  Overlord  
  164  10:12  Overlord x2, Mutalisk  
  164  10:13  Mutalisk x9  
  164  10:14  Mutalisk  
  186  10:28  Queen  
  188  10:32  Drone  
  188  10:33  Hatchery  
  188  10:34  Queen  
  190  10:39  Hatchery  
  189  10:56  Hatchery  
  188  11:00  Hatchery  
  187  11:06  Mutalisk x4  
  187  11:08  Zergling x10  
Show
View Real Time Build Order
Export as new Build Order

Dallinger Terran - Winner!

Build Orders: MMM Bio 

Get SALT Encoding   

  12  0:01  SCV  
  13  0:13  SCV  
  14  0:24  Supply Depot  
  14  0:25  SCV  
  15  0:45  SCV  
  15  0:47  Barracks  
  16  0:53  Refinery  
  16  0:57  SCV  
  17  1:09  SCV  
  18  1:22  SCV  
  19  1:34  Orbital Command  
  19  1:36  Barracks Reactor  
  19  1:43  Command Center  
  19  1:51  Supply Depot  
  19  2:00  SCV  
  20  2:05  Refinery  
  20  2:12  SCV  
  21  2:16  Factory  
  21  2:22  Marine x2  
  23  2:24  SCV  
  24  2:36  SCV  
  25  2:42  Marine x2  
  27  2:48  Engineering Bay, SCV  
  28  2:54  Orbital Command  
  28  3:00  Starport, Factory Tech Lab  
  28  3:04  SCV  
  29  3:13  Marine x2  
  29  3:16  SCV  
  32  3:25  SCV  
  33  3:28  SCV  
  33  3:30  Siege Tank  
  37  3:37  Starport Tech Lab, SCV  
  37  3:38  Supply Depot  
  37  3:39  Starport Reactor  
  38  3:45  SCV  
  39  3:49  Refinery x2, SCV  
  39  3:52  Marine x2  
  42  3:57  SCV  
  42  3:59  Missile Turret  
  43  4:02  Missile Turret  
  43  4:04  SCV  
  43  4:09  SCV  
  45  4:16  SCV  
  46  4:17  Barracks  
  46  4:20  Barracks  
  46  4:21  SCV  
  47  4:28  SCV  
  48  4:34  SCV  
  48  4:38  Medivac, Siege Tank  
  54  4:47  Supply Depot  
  54  4:51  Supply Depot  
  54  5:02  Command Center  
  54  5:08  Medivac, SCV x2  
  54  5:13  Barracks Tech Lab x2  
  58  5:21  Marine x2  
  58  5:22  Siege Tank  
  63  5:28  Barracks  
  63  5:30  Barracks  
  63  5:37  Combat Shields  
  63  5:38  Stimpack  
  63  5:43  Armory  
  63  5:46  Missile Turret, Engineering Bay  
  63  5:49  Medivac x2  
  67  5:51  Marine x3  
  70  6:11  Supply Depot  
  70  6:12  Supply Depot  
  70  6:13  Marine, Siege Tank  
  74  6:19  Orbital Command  
  74  6:22  Barracks Reactor x2  
  74  6:28  Terran Infantry Armor Level 1, Terran Infantry Weapons Level 1  
  74  6:32  Terran Vehicle Weapons Level 1  
  74  6:42  Missile Turret  
  74  6:47  Orbital Command  
  74  6:51  Factory  
  74  6:55  SCV  
  74  6:56  Concussive Shells, SCV  
  76  7:07  SCV  
  76  7:08  SCV  
  78  7:12  SCV  
  79  7:18  Missile Turret  
  79  7:19  SCV  
  79  7:20  SCV  
  81  7:24  Supply Depot x3  
  81  7:25  SCV  
  81  7:27  Medivac x2  
  86  7:31  SCV  
  86  7:32  SCV  
  86  7:34  Factory Tech Lab  
  86  7:37  SCV  
  89  7:40  Sensor Tower  
  89  7:44  SCV x2  
  90  7:49  SCV  
  90  7:50  Sensor Tower  
  92  7:51  Refinery  
  92  7:54  Refinery, Missile Turret  
  92  7:56  SCV x2  
  94  8:01  Sensor Tower, SCV  
  95  8:08  SCV x2  
  97  8:13  SCV  
  96  9:07  Thor  
  96  9:08  Medivac x2, Thor  
  96  9:09  Marauder x2, Marine x3  
  115  9:10  Marine x3  
  119  9:19  Terran Infantry Weapons Level 2, Terran Infantry Armor Level 2  
  119  9:21  Terran Vehicle Weapons Level 2  
  119  9:27  Marine  
  120  9:32  Command Center, SCV x2  
  122  9:42  Marauder, Marine  
  125  9:53  Supply Depot  
  125  9:54  Supply Depot  
  125  9:55  Supply Depot x2  
  125  9:56  Supply Depot  
  125  9:57  Supply Depot  
  125  10:14  Thor  
  125  10:15  Marauder  
  125  10:16  Viking x2, Marine x4, Marauder, Thor  
  125  10:17  Marine x2  
  151  10:34  Marine x6  
  155  10:36  Marauder  
  155  10:38  Marauder  
  159  10:51  Marine x2  
  159  10:52  Marine x4  
  160  10:58  Marauder  
  160  10:59  Marauder  
  160  11:01  Thor x2  
  176  11:09  Marine x2  
  176  11:10  Marine x4  
  182  11:19  Marauder  
  182  11:21  Marauder  
  182  11:24  Supply Depot x2  
  186  11:32  Planetary Fortress  
  186  11:33  Missile Turret  
  186  11:40  Marauder  
  186  11:45  Refinery, Marine  
  186  11:46  Refinery  
  195  11:48  Supply Depot  
Tags
 
Add a new tag
Caveats
  • Supply blocks, unpowered buildings, or Contaminate may cause inaccurate times.
  • Supply counts are checked every 10 seconds.